 Dungeon Crawl Stone Soup version 0.27.1-33-g824d729ab1 (webtiles) character file.

Game seed: 7257855669765270773

6951 unlimited1921 the Firebug (level 10, -3/78 HPs)
             Began as a Demigod Fire Elementalist on Nov 29, 2021.
             Succumbed to a water moccasin's poison
             ... on level 1 of the Lair of Beasts.
             The game lasted 02:04:07 (23082 turns).

unlimited1921 the Firebug (DgFE)                   Turns: 23082, Time: 02:04:08

Health: -3/78      AC:  7    Str:  9    XL:     10   Next: 51%
Magic:  20/25      EV: 14    Int: 35    God:
Gold:   158        SH:  0    Dex: 14    Spells: 1/23 levels left

rFire    . . .     SeeInvis .   a - +8 frozen axe "Frostbite" {freezing cloud, *Noise Fly rC+}
rCold    + . .     Faith    .   (shield currently unavailable)
rNeg     . . .     Spirit   .   d - +2 robe {Will+}
rPois    .         Reflect  .   b - +0 helmet
rElec    .         Harm     .   w - +0 cloak
rCorr    .         Rampage  .   (no gloves)
Will     ++...                  h - +0 pair of boots
Stlth    ++........             t - amulet of the acrobat
HPRegen  0.23/turn              u - +6 ring of intelligence
MPRegen  0.19/turn              l - ring of wizardry

@: lethally poisoned (-3 -> -14), flying
A: high mp 1, forlorn
a: no special abilities


You were on level 1 of the Lair of Beasts.
You visited 2 branches of the dungeon, and saw 11 of its levels.

You collected 394 gold pieces.
You spent 236 gold pieces at shops.

Inventory:

Hand Weapons
 a - the +8 frozen axe "Frostbite" (weapon) {freezing cloud, *Noise Fly rC+}
   (You found it on level 8 of the Dungeon)

   It freezes those it strikes, dealing additional cold damage.
   It can also slow down cold-blooded creatures.
   It occasionally leaves clouds of freezing vapour upon striking a foe.
   It grants immunity to clouds of freezing vapour.
   rC:        It protects you from cold.
   Fly:       It grants you flight.
   *Noise:    It may make noises in combat.
 f - a +2 short sword of venom
 q - a +0 mace
 s - a +0 shortbow
 v - a +9 quarterstaff of chaos
 x - a +0 great mace
 y - a +0 hunting sling
 D - a +1 vorpal war axe
 E - a +0 hand axe of flaming
 I - a +2 falchion of draining
 M - a +0 trident
 O - a +2 hand axe of freezing
Missiles
 i - 174 arrows
 o - 32 poisoned darts
 z - 65 sling bullets
 N - a curare-tipped dart
Armour
 b - a +0 helmet (worn)
 d - a +2 robe of willpower (worn)
 h - a +0 pair of boots (worn)
 r - +0 steam dragon scales
 w - a +0 cloak (worn)
 P - a +0 scale mail of fire resistance
Jewellery
 c - a ring of willpower
 g - a ring of fire
 l - a ring of wizardry (right hand)
 t - an amulet of the acrobat (around neck)
 u - a +6 ring of intelligence (left hand)
 C - a ring of see invisible
Wands
 p - a wand of flame (39)
 K - a wand of digging (5)
 Q - a wand of iceblast (11) (quivered)
Scrolls
 e - a scroll of silence
 j - 2 scrolls of teleportation
 B - a scroll of magic mapping {unknown}
 J - a scroll of enchant armour
Potions
 k - a potion of ambrosia {unknown}
 m - a potion of mutation {unknown}
 n - a potion of cancellation
 A - a potion of haste {unknown}
 F - a potion of brilliance
 G - a potion of might
 H - a potion of degeneration {unknown}
 L - a potion of curing
 R - a potion of heal wounds


   Skills:
 * Level 4.1 Fighting
 * Level 2.2 Axes
 - Level 4.3 Staves
 * Level 1.1 Throwing
 * Level 4.8 Dodging
 + Level 3.4 Stealth
 + Level 7.4 Spellcasting
 - Level 2.0 Conjurations
 - Level 4.6 Hexes
 - Level 2.1 Translocations
 + Level 7.9 Fire Magic
 * Level 2.2 Ice Magic


You had one spell level left.
You knew the following spells:

 Your Spells              Type           Power      Damage    Failure   Level
a - Foxfire               Conj/Fire      100%       2x1d9     1%          1
b - Conjure Flame         Conj/Fire      47%        6-21      1%          3
c - Inner Flame           Hex/Fire       54%        N/A       1%          3
d - Tukima's Dance        Hex            45%        N/A       1%          3
e - Teleport Other        Tloc           27%        N/A       1%          3
f - Ensorcelled Hibernat  Hex/Ice        74%        N/A       1%          2
g - Fireball              Conj/Fire      23%        3d11      4%          5
h - Slow                  Hex            45%        N/A       1%          2

Your spell library contained the following spells:

 Spells                   Type           Power      Damage    Failure   Level
 Animate Skeleton         Necr           24%        N/A       1%          1
 Apportation              Tloc           54%        N/A       1%          1
 Corona                   Hex            50%        N/A       1%          1
 Sting                    Tmut/Pois      48%        1d5       1%          1
 Summon Small Mammal      Summ           48%        N/A       1%          1
 Corpse Rot               Necr/Air       N/A        N/A       1%          2
 Poisonous Vapours        Pois/Air       24%        N/A       1%          2
 Confusing Touch          Hex            45%        N/A       1%          3
 Frozen Ramparts          Ice            56%        1d7       1%          3
 Gell's Gravitas          Tloc           13%        N/A       1%          3
 Lesser Beckoning         Tloc           13%        N/A       1%          3
 Sticky Flame             Conj/Fire      47%        2d6       1%          4
 Vampiric Draining        Necr           6%         2d6       4%          3
 Hailstorm                Conj/Ice       27%        3d7       6%          4
 Passage of Golubria      Tloc           N/A        N/A       6%          4
 Ice Form                 Ice/Tmut       20%        N/A       9%          4
 Summon Ice Beast         Ice/Summ       20%        N/A       9%          4
 Dispel Undead            Necr           12%        3d9       13%         4
 Olgreb's Toxic Radiance  Pois           12%        N/A       13%         4
 Yara's Violent Unravell  Hex/Tmut       14%        3d7       14%         5
 Simulacrum               Ice/Necr       10%        N/A       75%         6
 Death Channel            Necr           6%         N/A       86%         6


Dungeon Overview and Level Annotations

Branches:
Dungeon (10/15)            Temple (0/1) D:7            Lair (1/6) D:9
    Orc: D:9-12

Shops:
D:1 *   D:10 *


Innate Abilities, Weirdness & Mutations

Your attributes grow dramatically as you level up.
You have an increased reservoir of magic. (+10% MP)
You shall have no god before yourself.


Message History

You conjure some foxfire!
Casting: Foxfire (safe; 1% risk of failure)
Confirm with . or Enter, or press ? or * to list all spells.
You conjure some foxfire!
The foxfire hits the water moccasin.
Flame seeps out of the water moccasin.
The water moccasin is lightly wounded.
The water moccasin is engulfed in blazing flames.
Flame seeps out of the water moccasin.
The foxfire hits the water moccasin.
Flame seeps out of the water moccasin.
The water moccasin is severely wounded.
The water moccasin is engulfed in blazing flames.
Flame seeps out of the water moccasin.
You barely miss the water moccasin.
The water moccasin is almost dead.
The foxfire hits the water moccasin but does no damage.
The water moccasin is almost dead.
The foxfire hits the water moccasin but does no damage.
The water moccasin is almost dead.
The water moccasin barely misses you. The water moccasin bites you.
You are poisoned.
The water moccasin poisons you!
A wolf comes into view.
The water moccasin bites you.
Casting: Foxfire (safe; 1% risk of failure)
Confirm with . or Enter, or press ? or * to list all spells.
You conjure some foxfire!
The wolf howls!
You feel very sick.
You hear a howl! x2
The water moccasin bites you!
You hear a howl!
You slice the water moccasin!! You freeze the water moccasin.
The water moccasin explodes!
The fiery explosion engulfs your foxfire.
Your foxfire completely resists.
The fiery explosion engulfs your foxfire.
Your foxfire completely resists.
The fiery explosion engulfs you!!
You are engulfed in blazing flames.
* * * LOW HITPOINT WARNING * * *
You die...

........#
........#
.........
........#
........##
......§§§#
......v§v#
......§@#
........#
........#
#.......#
###..#.hP
##.#..# #
.... ..#.


You could see a wolf.

Vanquished Creatures
  The ghost of Icepheonix32 the Insei, a novice DsTm of Hepliaklqana (D:8)
  A kobold demonologist (D:9)
  2 freezing wraiths (D:8)
  3 ice devils (D:8)
  A hornet (D:9)
  Prince Ribbit (D:7)
  Grinder (D:5)
  A wyvern (D:7)
  3 steam dragons
  Duvessa (D:5)
  3 water moccasins
  2 orc warriors (D:8)
  5 ice beasts
  3 necrophages
  An ogre (D:3)
  A phantom (D:7)
  3 centaurs
  A kobold brigand (D:7)
  A wyvern zombie (D:5)
  A gnoll sergeant (D:9)
  A scorpion (D:7)
  Dowan (D:5)
  A water moccasin skeleton (D:5)
  A wyvern skeleton (D:6)
  6 killer bees
  2 wights (D:8)
  4 howler monkeys (D:9)
  5 centaur zombies
  A wyvern simulacrum (D:8)
  4 hounds
  A centaur skeleton (D:5)
  3 orc priests
  Crazy Yiuf (D:2)
  Jessica (D:2)
  3 iguanas
  2 orc wizards
  Terence (D:2)
  A centaur simulacrum (D:8)
  A killer bee simulacrum (D:8)
  5 gnolls
  9 adders
  A shadow imp (D:6)
  2 howler monkey simulacra (D:8)
  8 white imps
  An ufetubus (D:4)
  2 adder skeletons (D:4)
  2 worms
  2 dart slugs
  16 orcs
  8 bats
  An endoplasm (D:2)
  3 giant cockroaches
  7 goblins
  5 hobgoblins
  10 jackals
  6 quokkas
  5 ball pythons
  4 frilled lizards
  11 kobolds
  2 rats
186 creatures vanquished.

Vanquished Creatures (collateral kills)
  A wight (D:8)
  3 orcs
4 creatures vanquished.

Vanquished Creatures (others)
  2 dancing weapons
  624 foxfires
626 creatures vanquished.

Grand Total: 816 creatures vanquished

Notes
Turn   | Place    | Note
-------+----------+-------------------------------------------
     0 | D:1      | unlimited1921 the Demigod Fire Elementalist began the quest
                  | for the Orb.
     0 | D:1      | Reached XP level 1. HP: 14/14 MP: 5/5
   482 | D:1      | Reached XP level 2. HP: 6/20 MP: 2/7
  1439 | D:1      | Found Agieckun's Assorted Antiques.
  1890 | D:2      | Noticed Jessica
  1906 | D:2      | Killed Jessica
  1907 | D:2      | Reached skill level 1 in Conjurations
  1907 | D:2      | Reached XP level 3. HP: 25/26 MP: 3/9
  3377 | D:2      | Noticed Terence
  3393 | D:2      | Killed Terence
  3394 | D:2      | Reached XP level 4. HP: 19/33 MP: 7/10
  4238 | D:2      | Learned a level 3 spell: Conjure Flame
  4242 | D:2      | Learned a level 3 spell: Inner Flame
  4269 | D:2      | Found a runed translucent door.
  4270 | D:2      | Noticed Crazy Yiuf
  4296 | D:2      | Killed Crazy Yiuf
  4911 | D:3      | Reached XP level 5. HP: 31/38 MP: 12/12
  7354 | D:3      | Noticed an ogre
  7366 | D:3      | Killed an ogre
  7367 | D:3      | Reached skill level 1 in Throwing
  7367 | D:3      | Reached XP level 6. HP: 46/46 MP: 11/14
  7390 | D:3      | Reached skill level 1 in Staves
 10240 | D:1      | Bought a black potion for 19 gold pieces
 10240 | D:1      | Bought a scroll labelled KEROILETULL for 22 gold pieces
 10240 | D:1      | Bought a purple potion for 19 gold pieces
 10362 | D:5      | Entered Level 5 of the Dungeon
 10373 | D:5      | Reached skill level 1 in Hexes
 10509 | D:5      | Noticed Duvessa
 10509 | D:5      | Noticed Dowan
 10521 | D:5      | Killed Duvessa
 10530 | D:5      | Killed Dowan
 10638 | D:5      | Reached XP level 7. HP: 51/51 MP: 12/16
 10732 | D:5      | Learned a level 3 spell: Tukima's Dance
 10779 | D:5      | Reached skill level 5 in Fire Magic
 11230 | D:5      | Reached skill level 1 in Fighting
 11569 | D:5      | Noticed Grinder
 11586 | D:5      | Killed Grinder
 11587 | D:5      | Reached XP level 8. HP: 28/61 MP: 12/18
 12319 | D:5      | Reached skill level 5 in Spellcasting
 14930 | D:7      | Found a staircase to the Ecumenical Temple.
 15321 | D:7      | Noticed Prince Ribbit
 15328 | D:7      | Killed Prince Ribbit
 15487 | D:7      | Learned a level 3 spell: Teleport Other
 15763 | D:7      | Reached XP level 9. HP: 68/68 MP: 12/21
 16483 | D:8      | Reached skill level 1 in Translocations
 16701 | D:8      | Learned a level 2 spell: Ensorcelled Hibernation
 16707 | D:8      | Learned a level 5 spell: Fireball
 16707 | D:8      | Found a runed translucent gate.
 16707 | D:8      | Found a runed translucent gate.
 16712 | D:8      | Found a runed translucent gate.
 17341 | D:8      | Noticed an ice devil
 17346 | D:8      | Noticed an ice devil
 17348 | D:8      | Noticed a freezing wraith
 17352 | D:8      | Noticed an ice devil
 17353 | D:8      | Killed an ice devil
 17354 | D:8      | Killed a freezing wraith
 17361 | D:8      | Killed an ice devil
 17765 | D:8      | Noticed a freezing wraith
 17789 | D:8      | HP: 1/70 [freezing wraith (14)]
 18176 | D:8      | Killed an ice devil
 18648 | D:1      | Bought a tourmaline ring for 110 gold pieces
 18648 | D:1      | Bought a scroll of teleportation for 66 gold pieces
 19647 | D:8      | Found the +8 frozen axe "Frostbite" {freezing cloud, *Noise
                  | Fly rC+}
 19801 | D:8      | Noticed Icepheonix32's ghost (novice DsTm)
 19860 | D:8      | Killed a freezing wraith
 20230 | D:8      | Killed Icepheonix32's ghost
 20231 | D:8      | Reached skill level 1 in Axes
 20231 | D:8      | Reached skill level 1 in Ice Magic
 20231 | D:8      | Reached XP level 10. HP: 71/78 MP: 13/24
 20365 | D:8      | Learned a level 2 spell: Slow
 21317 | D:10     | Entered Level 10 of the Dungeon
 21536 | D:10     | Found Otekumoi's General Store.
 22440 | D:9      | Found a staircase to the Lair.
 23076 | Lair:1   | Entered Level 1 of the Lair of Beasts
 23082 | Lair:1   | HP: 2/78 [cloud of flame (35)]
 23082 | Lair:1   | Succumbed to a water moccasin's poison

Illustrated notes

Levels and vault maps discovered:
D:1:      saegor_arrival_simple_a, layout_rooms, serial_shops, shop,
          shapermc_ecumenical_altar_petra
D:2:      layout_basic, basic_altar, uniq_crazy_yiuf_cottage, uniq_jessica,
          uniq_terence
D:3:      layout_loops_corners
D:4:      kennysheep_six_static_rooms, layout_basic,
          mainiacjoe_overflow_tiny_flanked, zin_treasury
D:5:      layout_rooms, okawaru_metal_pillars_3, hangedman_decor_push,
          grunt_ministairs_11, minmay_misc_feat_rugged, minivault_1,
          uniq_duvessa, uniq_grinder
D:6:      layout_loops_ring
D:7:      layout_gridville, grunt_temple_overflow_open, temple_statues,
          solitary_fountain, minmay_tree_intersection, uniq_prince_ribbit1
D:8:      layout_basic, gammafunk_ghost_icy, hellmonk_guarded_unrand_frostbite
D:9:      layout_small_grid, bloody_makhleb, lair_entry_dummy
D:10:     layout_basic, kennysheep_mini_moat, nicolae_ru_sacrificial_ziggurat,
          orc_0_dummy, serial_shops, shop, nicolae_diamond_shop, shop,
          shop_fountains, minivault_8
Lair:1:   layout_cave_pods, grunt_megastairs_2

Skill      XL: |  1  2  3  4  5  6  7  8  9 10 |
---------------+-------------------------------+-----
Spellcasting   | 2 3 4 5 6 7 |  7.4
Fire Magic     | 3 4 5 6 7 |  7.9
Dodging        | 2 4 |  4.8
Stealth        | 2 3 |  3.4
Conjurations   | 1 2 |  2.0
Throwing       | 1 |  1.1
Staves         | 1 2 3 4 |  4.3
Hexes          | 2 4 |  4.6
Fighting       | 1 2 3 4 |  4.1
Translocations | 2 |  2.1
Axes           | 1 2 |  2.2
Ice Magic      | 1 2 |  2.2

Action                   |  1- 3 |  4- 6 |  7- 9 | 10-12 || total
-------------------------+-------+-------+-------+-------++-------
Melee: Club              |     2 |       |       |       ||     2
       Whip              |     2 |       |       |       ||     2
       Quarterstaff      |       |    23 |    18 |       ||    41
       Executioner's axe |       |       |     1 |     9 ||    10
Throw: Dart              |     3 |    41 |     9 |       ||    53
 Cast: Foxfire           |    60 |   105 |   179 |    49 ||   393
       Inner Flame       |       |       |    53 |    23 ||    76
       Ensorcelled Hiber |       |       |     4 |       ||     4
       Tukima's Dance    |       |       |     3 |     4 ||     7
       Conjure Flame     |       |       |     3 |       ||     3
       Fireball          |       |       |       |     1 ||     1
Evoke: Wand              |       |       |     8 |     5 ||    13
  Use: Scroll            |       |     5 |    14 |     1 ||    20
       Potion            |       |     2 |     1 |     1 ||     4
Armor: Robe              |     1 |    17 |    24 |     9 ||    51
Dodge: Dodged            |     9 |    24 |    39 |    26 ||    98
